Map: Magannatha LE

Players

dEYE - Winner!

  • Race: Protoss Protoss
  • League: Master
  • Spawn Location: 11:00

A.I. 1 (Elite)

  • Race: Terran Terran
  • Spawn Location: 5:00

VOD

Have the link to the VOD?

Description

2:30: First Chargelots (4–8), Charge researching.
3:20: Charge done, Chargelot production ramps up (12–16 by 4:00).
4:00: First Archon morphed, ~16 Chargelots, Templar Archives online.
4:50: Storm researched, 2–3 Archons, 20–24 Chargelots, 4–6 Templar with Storm.
5:30–6:00: 30 Chargelots, 2–3 early Archons, 8–10 Templar (Storm then Archons).
Potential Weaknesses
No build’s perfect—here’s what to watch for:
Scouting Blind Spots:
Risk: One Probe scout at 14 supply might miss a fast 1-base all-in (e.g., 2-rax Marauder or Tank push by 4:00).
Fix: Keep the scout alive, poke their natural at 2:00. If no expand by 2:30, assume all-in and add a Shield Battery + extra Chargelots over Templar.
Air Switch (Banshees/Liberators):
Risk: Terran could pivot to cloaked Banshees (4:30) or Liberators (5:00) after bio fails. You’ve got no detection or anti-air until later.
Fix: If you spot a Starport with Tech Lab (scout at 3:00), sneak an Observer from a Robotics Facility at 4:00 instead of rushing Templar. Hold with Chargelots + Shield Batteries.
Tank Contains:
Risk: 1-1-1 with Tanks sieged at your natural by 4:00–4:30 could stall you. Chargelots can’t charge in without eating splash.
Fix: Scout confirms Tanks—add 1–2 Immortals (Robotics at 4:00) or use Adept shades to bait friendly fire. Delay Storm a bit if needed.
0:00 (12 Supply): Start with 12 Probes. Queue 1 Probe (13 Supply).
13 Supply: Pylon
14 Supply: Gateway (send 1 Probe to scout Terran)
15 Supply: Assimilator (3 Probes to gas immediately)
16 Supply: Nexus (early expand for minerals)
17 Supply: Cybernetics Core
18 Supply: Second Assimilator (3 Probes)
19 Supply: Pylon
20 Supply: Gateway #2
1:40 (Cybernetics Core Finishes): Start Warp Gate research (50/50, Chrono Boost it).
21 Supply: Twilight Council (Chrono Boost)
23 Supply: Gateway #3 + Gateway #4
25 Supply: Templar Archives (Chrono Boost)
Probe Production: Build to 16 Probes per mineral line (32 total) by ~2:30–3:00. Add a third Assimilator at ~3:00 (3 Probes) for Templar gas.
Chrono Boost Priority: Nexus (Probes) → Twilight Council (Charge) → Templar Archives (Storm).
Key Tech and Units
Charge Upgrade: Starts ~2:10 (Twilight Council finishes with Chrono), done ~3:20.
Templar Archives: Finishes 3:40 with Chrono. Warp in 2 High Templar immediately, morph into 1 Archon (4:00).
Psionic Storm: Starts ~3:40, finishes ~4:50 with Chrono.
Unit Production:
From 2:30, warp Chargelots from Gateways (1 cycle = 4 Chargelots every 29 seconds). By 4:00, ~12–16 Chargelots; by 5:00, ~20–24; by 6:00, ~28–32.
At 4:00, warp 2–4 more Templar, morph 2 into another Archon (2–3 total Archons). Keep the rest for Storm.
At 4:50–5:30, warp 6–8 more Templar as Storm finishes. Use Storm, then morph into Archons post-push.
Timing Breakdown
2:30: First Chargelots (4–8), Charge researching.
3:20: Charge done, Chargelot production ramps up (12–16 by 4:00).
4:00: First Archon morphed, ~16 Chargelots, Templar Archives online.
4:50: Storm researched, 2–3 Archons, 20–24 Chargelots, 4–6 Templar with Storm.
5:30–6:00: 30 Chargelots, 2–3 early Archons, 8–10 Templar (Storm then Archons).
Potential Weaknesses
No build’s perfect—here’s what to watch for:
Scouting Blind Spots:
Risk: One Probe scout at 14 supply might miss a fast 1-base all-in (e.g., 2-rax Marauder or Tank push by 4:00).
Fix: Keep the scout alive, poke their natural at 2:00. If no expand by 2:30, assume all-in and add a Shield Battery + extra Chargelots over Templar.
Air Switch (Banshees/Liberators):

Time

  • Played on: June 20, 2025, 12:21 p.m.
  • Length: 17:20
Show
View Real Time Build Order
Export as new Build Order

dEYE Protoss - Winner!

Build Orders: 1 Gate Expand, Zealot Archon 

Get SALT Encoding   

  12  0:01  Probe  
  13  0:13  Probe  
  14  0:19  Pylon  
  14  0:25  Probe  
  15  0:37  Probe  
  15  0:39  Gateway  
  16  0:46  Assimilator  
  16  0:49  Probe  
  17  1:01  Probe  
  18  1:22  Nexus  
  18  1:35  Cybernetics Core  
  18  1:38  Probe  
  19  1:47  Assimilator  
  19  1:50  Probe  
  19  1:51  Warp Gate  
  20  2:03  Probe  
  20  2:05  Pylon  
  21  2:15  Probe  
  22  2:27  Probe  
  23  2:35  Probe  
  24  2:39  Probe  
  25  2:56  Gateway  
  25  2:59  Probe x2  
  25  3:00  Gateway  
  27  3:14  Twilight Council  
  27  3:15  Probe x2  
  29  3:27  Probe  
  29  3:28  Probe  
  29  3:32  Charge  
  31  3:38  Pylon  
  31  3:47  Pylon  
  31  4:00  Templar Archives  
  31  4:02  Pylon  
  31  4:05  Gateway  
  31  4:07  Gateway, Probe  
  31  4:08  Probe  
  33  4:14  Zealot x2  
  33  4:15  Probe  
  37  4:17  Assimilator  
  37  4:20  Probe  
  37  4:23  Probe  
  40  4:42  Shield Battery  
  40  4:43  Shield Battery  
  40  4:45  High Templar x3  
  46  4:55  Probe x2  
  48  5:06  High Templar  
  50  5:07  Probe x2, Zealot  
  50  5:08  Archon  
  50  5:10  Archon  
  50  5:13  Psionic Storm  
  54  5:16  Pylon  
  54  5:19  Probe  
  54  5:20  Probe  
  56  5:24  Forge  
  56  5:36  Probe x2  
  56  5:41  Protoss Ground Weapons Level 1  
  58  5:48  Probe x2  
  60  5:55  Pylon  
  60  5:58  Pylon  
  60  6:13  Gateway  
  60  6:16  Gateway  
  60  6:21  Photon Cannon  
  60  6:25  Photon Cannon  
  60  6:44  Photon Cannon  
  60  6:51  Probe  
  60  6:53  Assimilator  
  61  6:56  Zealot x3  
  61  6:57  Zealot x2  
  71  7:10  Gateway  
  71  7:11  Gateway  
  71  7:12  Gateway  
  71  7:13  Gateway  
  71  7:22  Forge  
  71  7:26  Pylon  
  71  7:35  Zealot x6  
  71  7:36  Zealot  
  85  7:48  Pylon  
  85  7:51  Pylon  
  85  7:54  Pylon  
  85  7:56  High Templar x7  
  99  8:00  Protoss Ground Armor Level 1  
  99  8:02  Protoss Shields Level 1  
  99  8:17  Zealot  
  99  8:18  Zealot x3  
  107  8:30  Zealot x3  
  107  8:31  Zealot x4  
  81  9:43  Nexus  
  81  9:44  Pylon  
  81  9:47  Pylon  
  81  9:49  High Templar x7  
  81  9:51  Zealot x4  
  99  10:32  Archon  
  99  10:35  Archon  
  99  10:44  Photon Cannon  
  99  10:48  Photon Cannon  
  99  10:51  Photon Cannon  
  99  10:54  Probe x3  
  99  10:56  Shield Battery  
  102  10:57  Shield Battery  
  102  10:59  Zealot x5  
  102  11:00  Zealot x5  
  102  11:01  Zealot  
  124  11:06  Probe x3  
  127  11:18  Probe x3  
  130  11:30  Probe x3  
  131  11:42  Probe x2  
  131  11:43  Probe  
  131  11:44  Robotics Facility  
  134  11:47  Robotics Facility  
  134  11:52  Pylon  
  134  11:54  Pylon  
  134  11:57  Pylon  
  134  11:58  Assimilator  
  134  11:59  Pylon  
  134  12:02  Pylon  
  134  12:03  Pylon  
  134  12:04  Assimilator  
  134  12:05  Pylon  
  134  12:12  Zealot x7  
  134  12:13  Zealot  
  134  12:15  High Templar, Nexus  
  152  12:16  High Templar  
  152  12:17  High Templar  
  152  12:18  Pylon  
  152  12:19  Pylon  
  152  12:21  Assimilator  
  156  12:25  Assimilator  
  156  12:33  Observer x2  
  158  12:39  Photon Cannon  
  158  12:42  Photon Cannon  
  158  12:46  Photon Cannon  
  158  12:48  Shield Battery  
  158  12:49  Shield Battery  
  158  12:56  Probe x3  
  161  13:08  Probe x3  
  161  13:11  High Templar x3  
  161  13:12  High Templar x7  
  184  13:20  Probe x3  
  187  13:32  Probe x2  
  187  13:33  Probe  
  170  13:44  Probe  
  170  13:45  Probe  
  154  13:53  Archon  
  134  14:13  Observer x2  
  136  14:22  Zealot  
  136  14:23  Zealot x9  
  136  14:24  Zealot  
  132  15:35  Zealot x5  
  136  15:36  Zealot x6  
  136  15:41  Warp Prism x2  
  156  16:38  Zealot x7  
  156  16:39  Zealot x4  
Show
View Real Time Build Order
Export as new Build Order

A.I. 1 (Elite) Terran 

Build Orders:  

Get SALT Encoding   

  12  0:00  SCV  
  13  0:13  SCV  
  14  0:18  Supply Depot  
  14  0:25  SCV  
  15  0:30  Refinery  
  15  0:40  SCV  
  16  0:46  Barracks  
  16  0:52  SCV  
  17  1:04  SCV  
  18  1:16  SCV  
  19  1:34  Marine  
  19  1:37  Factory, Orbital Command  
  20  1:41  Supply Depot  
  20  1:51  Barracks  
  20  1:53  Marine  
  21  2:02  SCV  
  21  2:06  Refinery  
  22  2:11  Marine  
  22  2:15  SCV  
  24  2:20  Supply Depot  
  24  2:23  Factory Tech Lab  
  24  2:27  SCV  
  24  2:29  Marine  
  26  2:38  Marine  
  26  2:42  Siege Tank  
  30  2:45  SCV  
  30  2:48  Marine  
  32  2:56  Marine  
  33  2:58  Supply Depot  
  33  2:59  SCV  
  34  3:06  Marine  
  35  3:14  Siege Tank, Marine  
  39  3:20  SCV  
  39  3:23  Marine  
  41  3:30  Supply Depot  
  41  3:32  Marine  
  42  3:38  Starport  
  42  3:42  Barracks Tech Lab  
  42  3:49  SCV  
  42  3:50  Barracks Tech Lab  
  43  4:02  Stimpack  
  43  4:07  SCV  
  44  4:15  Supply Depot, Medivac  
  46  4:35  Combat Shield  
  46  4:40  Marauder, Marine  
  46  4:42  Barracks  
  46  4:45  Medivac  
  51  4:48  Command Center  
  51  4:58  Marauder  
  53  5:02  Marauder  
  55  5:09  Supply Depot  
  55  5:15  Engineering Bay  
  55  5:19  Marauder  
  57  5:24  Marauder  
  59  5:41  Marauder  
  59  5:42  Terran Infantry Weapons Level 1, Engineering Bay  
  61  5:46  Marauder  
  62  5:58  Supply Depot  
  62  5:59  Barracks Reactor  
  62  6:01  SCV  
  62  6:02  Marauder  
  62  6:04  SCV  
  66  6:08  Terran Infantry Armor Level 1  
  66  6:13  SCV  
  66  6:16  SCV  
  68  6:25  SCV  
  68  6:28  SCV  
  70  6:36  Refinery  
  70  6:38  SCV  
  70  6:40  SCV  
  70  6:45  Concussive Shells, Refinery  
  70  6:46  Marauder, Marine x2  
  75  6:50  SCV  
  75  6:53  SCV  
  77  7:03  Command Center  
  77  7:04  Marauder  
  79  7:10  Orbital Command  
  79  7:12  SCV  
  80  7:16  Marine  
  80  7:18  Marine  
  82  7:24  SCV  
  82  7:25  Marauder  
  82  7:29  Supply Depot  
  85  7:35  Marauder  
  85  7:36  SCV  
  85  7:37  SCV  
  89  7:47  Missile Turret  
  89  7:48  SCV  
  89  7:50  Missile Turret  
  89  7:51  SCV  
  91  7:56  Supply Depot  
  91  8:00  SCV  
  91  8:03  SCV  
  94  8:12  SCV  
  94  8:13  Armory  
  94  8:18  SCV  
  95  8:22  SCV  
  95  8:24  SCV  
  97  8:30  SCV  
  98  8:34  Orbital Command  
  98  8:37  SCV  
  99  8:41  Missile Turret  
  99  8:42  SCV  
  99  8:44  Missile Turret  
  100  8:49  SCV  
  100  8:52  Barracks, Starport Reactor  
  100  8:54  SCV  
  102  8:59  Marine  
  102  9:00  Terran Infantry Weapons Level 2  
  102  9:01  SCV, Marine  
  102  9:02  SCV  
  106  9:05  Marine  
  106  9:06  SCV  
  106  9:07  Marine  
  109  9:13  Supply Depot, SCV  
  110  9:18  Marauder  
  110  9:19  Marauder, SCV  
  110  9:20  SCV  
  101  9:25  SCV  
  101  9:28  Medivac, Marine  
  101  9:31  SCV, Marine  
  77  9:34  SCV  
  77  9:37  SCV  
  78  9:39  Marauder, Marine  
  78  9:41  Marauder  
  78  9:43  SCV  
  84  9:46  Marine  
  84  9:49  SCV, Marine  
  84  9:51  SCV  
  88  9:55  Ghost Academy  
  88  9:56  Marine  
  89  10:00  Medivac  
  89  10:01  Marauder  
  89  10:02  Marauder  
  89  10:04  Marine  
  96  10:07  Marine  
  82  10:14  Marine, Medivac  
  79  10:22  Marauder, Marine  
  79  10:23  Missile Turret, Marine  
  79  10:25  Marine  
  80  10:30  Viking  
  80  10:32  Marine  
  83  10:40  Marine  
  83  10:41  Marauder  
  83  10:42  Marine  
  86  10:43  Ghost  
  86  10:44  Missile Turret, Viking  
  92  10:50  Marine  
  92  10:55  Terran Infantry Armor Level 2  
  93  10:57  Marine  
  93  11:00  Marine, Medivac  
  93  11:02  Ghost  
  99  11:05  Missile Turret  
  99  11:08  Supply Depot, Marine  
  100  11:12  Marauder  
  100  11:14  SCV, Medivac  
  100  11:15  SCV, Marine  
  100  11:21  Marine  
  100  11:22  Missile Turret  
  100  11:23  Terran Infantry Weapons Level 3  
  95  11:25  Marine  
  95  11:27  SCV x2  
  95  11:30  Ghost, Viking  
  97  11:33  Marauder  
  97  11:39  SCV  
  100  11:42  SCV  
  100  11:44  Command Center  
  100  11:45  Supply Depot  
  101  11:48  Personal Cloaking  
  101  11:51  SCV, Hellion  
  104  11:54  Ghost  
  104  11:57  SCV  
  104  11:59  Ghost  
  111  12:03  Factory, SCV  
  112  12:09  Supply Depot  
  112  12:10  SCV  
  112  12:13  Hellion  
  112  12:15  SCV  
  116  12:22  SCV, Ghost  
  117  12:27  SCV  
  117  12:28  Marauder  
  123  12:32  Supply Depot  
  123  12:34  Hellion  
  125  12:44  Infernal Pre-Igniter  
  125  12:47  Hellion  
  125  12:49  Ghost  
  130  12:52  Factory, Marauder  
  130  12:55  Hellion  
  130  12:57  Supply Depot  
  134  13:08  Factory Tech Lab  
  134  13:13  Marauder  
  134  13:17  Ghost, Hellion  
  134  13:18  Terran Vehicle Weapons Level 1  
  141  13:23  Supply Depot  
  141  13:27  Siege Tank, Refinery  
  144  13:32  Refinery  
  144  13:34  Ghost, Marine  
  133  13:35  Marine x2  
  133  13:38  Siege Tank  
  113  13:42  Hellion  
  113  13:46  Marauder  
  107  13:52  Marine  
  107  13:53  Marine x2  
  90  13:58  Thor  
  90  13:59  SCV  
  95  14:03  Marauder  
  95  14:04  Hellion  
  95  14:05  Command Center  
  95  14:08  Marauder  
  84  14:10  Siege Tank, Marine  
  78  14:25  Marauder  
  78  14:28  Ghost  
  80  14:41  Command Center  
  80  14:45  Ghost, Marine  
  81  14:49  Marine  
  81  14:52  Marine  
  85  14:57  Ghost  
  85  14:58  SCV  
  88  15:00  SCV  
  88  15:03  Marine  
  76  15:07  Marine  
  76  15:10  SCV  
  49  15:14  Marine  
  49  15:16  Marine  
  49  15:21  Marine  
  52  15:26  Hellion  
  52  15:27  Marine  
  53  15:33  Marine  
  53  15:35  Marine  
  5  16:06  SCV  
Tags
 
Composition
Zealot Archon
League
Master
Matchup
PvT
Spawn Locations
Cross Positions
Add a new tag
Caveats
  • Supply blocks, unpowered buildings, or Contaminate may cause inaccurate times.
  • Supply counts are checked every 10 seconds.